 Dungeon Crawl Stone Soup version 0.30-a0-339-g89bb51ec76 (webtiles) character file.

Game seed: 11108997113770897966

14 retardedninja the Trooper (level 2, -1/27 HPs)
             Began as a Hill Orc Fighter on Oct 31, 2022.
             Slain by a quokka (2 damage)
             ... on level 1 of the Dungeon.
             The game lasted 00:00:19 (47 turns).

retardedninja the Trooper (Hill Orc Fighter)          Turns: 47, Time: 00:00:20

Health: -1/27      AC:  6    Str: 18    XL:     2   Next: 41%
Magic:  2/2        EV:  9    Int:  8    God:
Gold:   0          SH:  4    Dex: 10    Spells: 1/1 levels left

rFire   . . .      SeeInvis .    a - +0 war axe
rCold   . . .      Faith    .    c - +0 buckler
rNeg    . . .      Spirit   .    b - +0 scale mail
rPois   .          Reflect  .    (no helmet)
rElec   .          Harm     .    (no cloak)
rCorr   .          Rampage  .    (no gloves)
Will    .....                    (no boots)
Stlth   ..........               (no amulet)
HPRegen 0.24/turn                (no ring)
MPRegen 0.08/turn                (no ring)

@: mighty
A: no striking features
a: no special abilities


You were on level 1 of the Dungeon.
You visited 1 branch of the dungeon, and saw 1 of its levels.

Inventory:

Hand Weapons
 a - a +0 war axe (weapon)
Armour
 b - a +0 scale mail (worn)
 c - a +0 buckler (worn)
Scrolls
 e - a scroll of amnesia {unknown}


   Skills:
 + Level 3.9 Fighting
 + Level 3.0 Axes
 + Level 3.5 Armour
 + Level 3.5 Shields


You had one spell level left.
You didn't know any spells.
Your spell library was empty.

Dungeon Overview and Level Annotations

Branches:
Dungeon (1/15)

Altars:


Message History

You see here a +0 club.
You slash the gnoll!
The gnoll is almost dead.
The gnoll hits you but does no damage.
You closely miss the gnoll.
The gnoll is almost dead.
The gnoll hits you with a +0 whip. You block the gnoll's attack.
You hit the gnoll but do no damage.
The gnoll is almost dead.
The gnoll hits you with a +0 whip.
* * * LOW HITPOINT WARNING * * *
You are too injured to fight recklessly!
Unknown command.
You are too injured to fight recklessly!
Unknown command.
You are too injured to fight recklessly!
You barely miss the gnoll.
The gnoll is almost dead.
The gnoll barely misses you. The gnoll completely misses you.
You barely miss the gnoll.
The gnoll is almost dead.
You block the gnoll's attack.
You barely miss the gnoll.
The gnoll is almost dead.
The gnoll closely misses you. The gnoll barely misses you.
You closely miss the gnoll.
The gnoll is almost dead.
The gnoll hits you with a +0 whip!
* * * LOW HITPOINT WARNING * * *
You slash the gnoll!
You kill the gnoll!
Your Axes skill increases to level 3!
You have reached level 2!
You feel very mighty all of a sudden.
You barely miss the quokka. You block the quokka's attack.
The quokka barely misses you.
You barely miss the quokka. The quokka bites you.
* * * LOW HITPOINT WARNING * * *
You closely miss the quokka. The quokka bites you.
You die...

#.# #.#
#.#.########## .
#.#.##÷÷÷.÷.÷# ..
#.#.'÷.....÷.# ..
#.#.##.÷...÷÷#
#.##.#.##>###÷<.#
(..#@##.÷.÷...#
######)#r'..÷..÷÷÷#
.......).##......÷#
....$....##########
......)........
............###
............#
........##.##
......... .#


You could see a quokka.

Vanquished Creatures
  A gnoll (D:1)
  An endoplasm (D:1)
  A goblin (D:1)
  A kobold (D:1)
4 creatures vanquished.

Notes
Turn   | Place    | Note
-------+----------+-------------------------------------------
     0 | D:1      | retardedninja the Hill Orc Fighter began the quest for the
                  | Orb.
     0 | D:1      | Reached XP level 1. HP: 19/19 MP: 1/1
    39 | D:1      | HP: 1/20 [gnoll/+0 whip (7)]
    41 | D:1      | Reached XP level 2. HP: 2/27 MP: 2/2
    46 | D:1      | HP: 1/27 [quokka (2)]
    47 | D:1      | Slain by a quokka

Illustrated notes

Levels and vault maps discovered:
D:1:      heliophobic_arrival_battle_scene, layout_basic, serial_shops,
          nicolae_shop_bloodbath_and_beyond, columned_hall_lemuel,
          minmay_misc_feat_cross, hangedman_glass_teeth, minmay_strange_pillars

Skill      XL: |  1 |
---------------+----+-----
Axes           | 3 |  3.0
Fighting       | |  3.9
Armour         | |  3.5
Shields        | |  3.5

Action                   || total
-------------------------++-------
Melee: War axe           ||    15
  Use: Potion            ||     1
Armor: Scale mail        ||     2
Dodge: Dodged            ||     6
Block: Buckler           ||     4

Table legend: (Time is in decaauts)
 A = Elapsed time spent in this place.
 B = Non-inter-level travel time spent in this place.
 C = Inter-level travel time spent in this place.
 D = Time resting spent in this place.
 E = Time spent auto-exploring this place.
 F = Levels seen in this place.
 G = Mean time per level.
                   A        B        C        D        E       F      G
               +--------+--------+--------+--------+--------+-----+--------+
         Total |     52 |     52 |      0 |      0 |     15 |   1 |   52.0 |
       Dungeon |     52 |     52 |      0 |      0 |     15 |   1 |   52.0 |
               +--------+--------+--------+--------+--------+-----+--------+

Top non-repeatable levels by time:
     D:1: 52 daAuts
